 Dungeon Crawl Stone Soup version 0.18.1-50-g88ac8fd (webtiles) character file.

1145 wyrdjoy the Cleaver (level 8, -3/46 HPs)
             Began as a Gargoyle Berserker on May 10, 2017.
             Was a Priest of Trog.
             Killed by divine providence
             ... invoked by an orc priest
              (15 damage)
             ... on level 6 of the Dungeon.
             The game lasted 00:11:31 (4582 turns).

wyrdjoy the Cleaver (Gargoyle Berserker)            Turns: 4582, Time: 00:11:32

Health: -3/46      AC: 16    Str: 20    XL:     8   Next: 37%
Magic:  8/8        EV:  8    Int:  9    God:    Trog [***...]
Gold:   213        SH:  0    Dex: 11    Spells: 0 memorised, 7 levels left

rFire  + . .     SeeInvis .     a - +0 hand axe
rCold  . . .     Gourm    .     G - +0 chain mail of Hiushugyaw {+Fly rF+}
rNeg   + . .     Faith    .     (no shield)
rPois  ∞         Spirit   .     w - +0 helmet
rElec  +         Dismiss  .     (no cloak)
rCorr  .         Reflect  .     (no gloves)
SustAt +         Harm     +     v - +0 pair of boots
MR     .....                    H - amulet of harm
Stlth  ..........               (no ring)
                                g - ring of sustain attributes

@: not resistant to hostile enchantments, extremely unstealthy
A: negative energy resistance 1, electricity resistance, unbreathing,
petrification resistance, rot immunity, AC +5
a: Berserk, Trog's Hand, Burn Spellbooks, Renounce Religion, Evoke Flight


You were on level 6 of the Dungeon.
You worshipped Trog.
Trog was most pleased with you.
You were not hungry.

You visited 1 branch of the dungeon, and saw 6 of its levels.

You collected 213 gold pieces.

Inventory:

Hand Weapons
 a - a +0 hand axe (weapon)
 y - a +0 war axe
Missiles
 p - 7 tomahawks (quivered)
Armour
 v - a +0 pair of boots (worn)
 w - a +0 helmet (worn)
 G - the +0 chain mail of Hiushugyaw (worn) {+Fly rF+}
   (You found it on level 6 of the Dungeon)

   It protects you from fire.
   It lets you fly.
Jewellery
 g - a ring of sustain attributes (left hand)
 n - an uncursed ring of ice
 H - an amulet of harm (around neck)
Wands
 b - a wand of flame (2/48)
 C - a wand of teleportation (2/9)
Scrolls
 e - 2 scrolls of blinking {unknown}
 f - 2 scrolls of teleportation {unknown}
 h - 2 scrolls of recharging {unknown}
 l - 4 scrolls of remove curse {unknown}
 m - 4 scrolls of magic mapping {unknown}
 q - a scroll of immolation {unknown}
 u - a scroll of enchant armour
 E - a scroll of enchant weapon {unknown}
 F - a scroll of silence {unknown}
Potions
 d - 4 potions of curing
 o - 3 potions of cancellation
 s - a potion of flight
 z - a potion of invisibility
 A - 2 potions of degeneration
Comestibles
 c - 4 bread rations
 j - a slice of pizza
 t - 3 beef jerkies
 x - 6 fruits
 B - 3 meat rations


   Skills:
 - Level 3.2 Fighting
 + Level 9.3 Axes
 - Level 2.1 Armour
 - Level 1.5 Dodging


You had 7 spell levels left.
You didn't know any spells.

Dungeon Overview and Level Annotations

Branches:
Dungeon (6/15)             Temple (0/1) D:4

Altars:
Cheibriados
Dithmenos
Elyvilon
Gozag
Kikubaaqudgha
Makhleb
Nemelex Xobeh
Qazlal
Ru
Sif Muna
Vehumet
Yredelemnul
Zin
The Shining One


Innate Abilities, Weirdness & Mutations

You are resistant to torment.
Your stone body is resilient (AC +5).
You are immune to poison.
You resist negative energy.
You are resistant to electric shocks.
You can survive without breathing.
You are immune to petrification.
You are immune to rotting.


Message History

The orc priest mumbles some strange prayers to Beogh against you.
Beogh smites you!
There is an open door here.
You close the door.
Found 18 gold pieces.
An orc opens the door.
You see here a +2 scale mail of cold resistance.
You hear a distant blaring wail to the south.
The orc priest calls down the wrath of Beogh upon you.
Beogh smites you!
* * * LOW HITPOINT WARNING * * *
There is an open door here.
You close the door.
An orc opens the door.
Your two-headed ogre goes berserk!
You feel somewhat more hungry.
You can no longer call in reinforcements.
The orc priest calls down the wrath of Beogh upon you.
Beogh smites you!
You die...

######.....#######.##...##...
#.....#'####............#....
#.....#.................#....
#.....#.................#....
#.....#...##....##....####...
#..)..######....##....####...
#o####.....#O...#............
#....#..o.o'....'............
##...#.....#@...#............
#....#.....#....###...##.....
#...o#.....#....###...##.....
#....#.....#......#...##....#
######o..#.....#......#...##....#
#...##...#.....#......#.........#
.........#.....#......#.........#
.........#.....#......#.........#
.......^.#.....#......#.........#


You could see an orc priest, an orc and a friendly two-headed ogre (berserk).

Vanquished Creatures
  Grinder (D:3)
  2 ogres (D:5)
  A centaur (D:5)
  A giant frog (D:6)
  A scorpion (D:4)
  3 howler monkeys (D:5)
  A quasit (D:6)
  A centaur zombie (D:6)
  3 hounds
  An orc priest (D:4)
  3 worker ants
  A hound zombie (D:6)
  A hound skeleton (D:5)
  Robin (D:3)
  A worker ant zombie (D:6)
  4 adders
  An adder zombie (D:4)
  2 adder skeletons (D:4)
  5 dart slugs
  2 worms
  4 giant geckos
  8 orcs
  9 bats
  2 giant cockroaches
  12 goblins
  13 hobgoblins
  14 jackals
  4 kobolds
  3 quokkas
  A ball python (D:2)
  6 giant newts
  5 rats
117 creatures vanquished.

Notes
Turn   | Place    | Note
--------------------------------------------------------------
     0 | D:1      | wyrdjoy the Gargoyle Berserker began the quest for the Orb.
     0 | D:1      | Reached XP level 1. HP: 14/14 MP: 1/1
   242 | D:1      | Reached skill level 3 in Axes
   282 | D:1      | Reached XP level 2. HP: 19/19 MP: 2/2
   641 | D:1      | Reached XP level 3. HP: 23/23 MP: 3/3
   954 | D:2      | Reached skill level 4 in Axes
  1104 | D:2      | Reached ** piety under Trog
  1109 | D:2      | Reached XP level 4. HP: 27/28 MP: 4/4
  1542 | D:3      | Noticed Robin
  1557 | D:3      | Killed Robin
  1599 | D:3      | Found a white marble altar of Elyvilon.
  1611 | D:3      | Reached skill level 5 in Axes
  1616 | D:3      | Reached XP level 5. HP: 26/32 MP: 5/5
  1644 | D:3      | Noticed Grinder
  1653 | D:3      | Paralysed by Grinder for 6 turns
  1663 | D:3      | Reached *** piety under Trog
  1665 | D:3      | Paralysed by Grinder for 2 turns
  1848 | D:3      | Paralysed by Grinder for 3 turns
  1869 | D:3      | Killed Grinder
  1869 | D:3      | Reached skill level 6 in Axes
  1869 | D:3      | Reached XP level 6. HP: 33/37 MP: 6/6
  2027 | D:3      | Found an ancient bone altar of Kikubaaqudgha.
  2027 | D:3      | Found a sacrificial altar of Ru.
  2173 | D:3      | Found a stormy altar of Qazlal.
  2296 | D:4      | Found a staircase to the Ecumenical Temple.
  2342 | D:4      | Found a radiant altar of Vehumet.
  2342 | D:4      | Found a glowing silver altar of Zin.
  2481 | D:4      | Found a burning altar of Makhleb.
  2491 | D:4      | Reached skill level 7 in Axes
  2491 | D:4      | Reached XP level 7. HP: 29/41 MP: 7/7
  2827 | D:4      | Found an opulent altar of Gozag.
  2828 | D:4      | Found a sparkling altar of Nemelex Xobeh.
  3081 | D:5      | Entered Level 5 of the Dungeon
  3222 | D:5      | Got a crude trident
  3223 | D:5      | Identified the +4 trident "Xunuof" {distort, rPois rC++ MP+9 Str-5} (You found it on level 5 of the Dungeon)
  3242 | D:5      | Reached skill level 8 in Axes
  3258 | D:5      | Reached **** piety under Trog
  3440 | D:5      | Reached XP level 8. HP: 28/46 MP: 8/8
  3896 | D:5      | Found a snail-covered altar of Cheibriados.
  3898 | D:5      | Found a deep blue altar of Sif Muna.
  3898 | D:5      | Found a shadowy altar of Dithmenos.
  4019 | D:6      | Found a basalt altar of Yredelemnul.
  4028 | D:6      | Found a glowing golden altar of the Shining One.
  4066 | D:6      | Reached skill level 9 in Axes
  4323 | D:6      | Got a twisted chain mail
  4334 | D:6      | Identified the +0 chain mail of Hiushugyaw {+Fly rF+} (You found it on level 6 of the Dungeon)
  4582 | D:6      | Killed from afar by an orc priest

Skill      XL: |  1  2  3  4  5  6  7  8 |
---------------+-------------------------+-----
Axes           | 3 4 5 6 7 8 9 |  9.3
Fighting       | |  3.2
Armour         | |  2.1
Dodging        | |  1.5

Action                   |  1- 3 |  4- 6 |  7- 9 || total
-------------------------+-------+-------+-------++-------
Melee: Hand axe          |   114 |   205 |   209 ||   528
Invok: Berserk           |       |     2 |     2 ||     4
       Trog's Hand       |       |     1 |       ||     1
       Burn Spellbooks   |       |       |     1 ||     1
       Brothers in Arms  |       |       |     1 ||     1
  Use: Scroll            |       |       |     8 ||     8
  Eat: Chunk             |     1 |     7 |     9 ||    17
Armor: Ring mail         |    39 |       |       ||    39
       Scale mail        |    61 |   151 |   110 ||   322
       Chain mail        |       |       |     8 ||     8
Dodge: Dodged            |    81 |   114 |   122 ||   317
